Map: Blackpink LE

Players

llIllllIllll - Winner!

  • Race: Protoss Protoss
  • League: Master
  • Spawn Location: 1:00

llllllllllll

  • Race: Zerg Zerg
  • League: Diamond
  • Spawn Location: 7:00

VOD

Have the link to the VOD?

Description

Time

  • Played on: Jan. 7, 2018, 5:31 p.m.
  • Length: 9:07
Show
View Real Time Build Order
Export as new Build Order

llIllllIllll Protoss - Winner!

Build Orders: Cannon Rush 

Get SALT Encoding   

  12  0:00  Probe  
  13  0:13  Probe  
  14  0:18  Pylon  
  14  0:25  Probe  
  15  0:37  Forge  
  15  0:42  Probe  
  16  0:55  Pylon  
  16  0:58  Probe  
  17  1:27  Photon Cannon  
  17  1:29  Photon Cannon  
  17  1:31  Photon Cannon  
  17  1:37  Photon Cannon  
  17  1:44  Photon Cannon  
  17  1:52  Photon Cannon  
  17  2:09  Probe (Chrono Boost)  
  17  2:13  Assimilator  
  18  2:17  Assimilator  
  18  2:19  Gateway  
  18  2:20  Photon Cannon  
  18  2:21  Probe (Chrono Boost)  
  19  2:37  Probe  
  20  2:49  Probe (Chrono Boost)  
  20  2:51  Nexus  
  21  3:01  Probe (Chrono Boost)  
  22  3:11  Probe (Chrono Boost)  
  23  3:16  Pylon  
  23  3:17  Probe  
  24  3:25  Cybernetics Core  
  24  3:41  Photon Cannon  
  24  3:44  Zealot (Chrono Boost)  
  26  3:54  Assimilator  
  26  3:59  Pylon  
  28  4:15  Shield Battery  
  26  4:23  Stargate  
  26  4:24  Stargate  
  24  4:42  Probe  
  24  4:44  Assimilator  
  25  4:54  Probe  
  26  5:08  Void Ray (Chrono Boost)  
  30  5:18  Void Ray (Chrono Boost)  
  34  5:31  Pylon  
  31  5:40  Void Ray (Chrono Boost)  
  34  5:51  Pylon  
  34  6:03  Void Ray (Chrono Boost)  
  38  6:17  Probe, Pylon  
  39  6:36  Void Ray  
  43  6:49  Void Ray  
  39  7:49  Probe  
  40  7:57  Forge  
  40  8:00  Void Ray  
  40  8:01  Nexus  
Show
View Real Time Build Order
Export as new Build Order

llllllllllll Zerg 

Build Orders: Hatch First 

Get SALT Encoding   

  12  0:00  Drone  
  13  0:12  Overlord  
  13  0:22  Drone  
  14  0:31  Drone x2  
  16  0:50  Hatchery  
  15  0:59  Drone  
  16  1:13  Drone x2  
  16  1:14  Drone  
  18  1:36  Spawning Pool, Drone  
  18  1:44  Drone  
  19  1:48  Drone  
  20  2:00  Extractor  
  20  2:01  Extractor  
  20  2:04  Hatchery  
  18  2:12  Drone x2  
  20  2:27  Roach Warren  
  19  2:30  Drone x2  
  21  2:41  Drone  
  22  2:49  Overlord  
  22  3:16  Queen  
  22  3:17  Roach  
  26  3:22  Overlord  
  26  3:23  Overlord  
  26  3:28  Roach  
  28  3:38  Ravager  
  28  3:39  Roach  
  31  3:48  Roach  
  33  3:52  Queen  
  33  3:53  Spine Crawler  
  34  3:56  Spine Crawler  
  34  3:59  Roach  
  35  4:05  Ravager x2, Evolution Chamber  
  36  4:10  Ravager  
  37  4:29  Roach x3  
  37  4:30  Roach  
  43  4:59  Roach x3  
  44  5:05  Queen  
  46  5:16  Drone  
  47  5:34  Drone x2  
  47  5:35  Lair  
  49  5:40  Drone x2  
  51  5:48  Drone  
  52  5:52  Overlord  
  52  6:08  Overlord x2  
  52  6:25  Queen  
  52  6:26  Drone x6  
  52  6:27  Spore Crawler  
  52  6:28  Spine Crawler, Spore Crawler  
  52  6:30  Spore Crawler  
  56  6:41  Drone  
  57  6:52  Spore Crawler x2  
  55  6:56  Spore Crawler  
  55  6:57  Spore Crawler  
  55  6:59  Drone  
  55  7:00  Spore Crawler  
  53  7:11  Overlord  
  48  7:41  Drone x3  
  48  7:42  Extractor  
  48  7:43  Hydralisk Den  
  48  7:44  Extractor  
  35  7:45  Queen  
  35  7:46  Drone x3  
  37  7:54  Spore Crawler  
  36  7:59  Spore Crawler, Drone  
  36  8:14  Spore Crawler  
  36  8:19  Spore Crawler, Hydralisk  
  32  8:21  Spore Crawler  
  32  8:26  Hydralisk  
  32  8:27  Hydralisk  
Tags
 
Add a new tag
Caveats
  • Supply blocks, unpowered buildings, or Contaminate may cause inaccurate times.
  • Supply counts are checked every 10 seconds.